[Event "Live Chess"]
[Site "Chess.com"]
[Date "2021.09.04"]
[Round "?"]
[White "ezryn1"]
[Black "camilambandi"]
[Result "1-0"]
[ECO "C00"]
[WhiteElo "834"]
[BlackElo "785"]
[PlyCount "51"]
[EventDate "2021.??.??"]
[TimeControl "600"]
[WhiteClock "0:07:10"]
[BlackClock "0:07:06"]

1. e4 {[%emt 0:00:
00] CASTLING BREAKDOWN} e6 2. d4 c5 3. c3 cxd4 4. cxd4 Nf6 5. e5 Nd5 6. f4 Bb4+ 7. Bd2 Bxd2+ 8. Nxd2 Nxf4 9. Ngf3 $6 Nc6 10. Ne4 d5 $2 11.
exd6 O-O 12. Qd2 Nd5 13. O-O-O $6 Bd7 $6 14. g4 $6 Rc8 15. Kb1 a6 $2 16. h4 b5 $2 17. g5 b4 $6 18. h5 b3 19. a3 a5 20. g6 $6 {[%emt 0:00:07] Which could be
either a great idea or a lucky blunder} fxg6 21. hxg6 $3 h6 $4 (21... Rxf3 22. Rxh7) 22. Rxh6 $3 Rxf3 $2 23. Rh8+ $3 Kxh8 24. Qh2+ $1 Kg8 25. Qh7+ $1 Kf8 26. Qh8# $1 {[%emt 0:00:01] ezryn1 won by
checkmate 1-0 White wins.} 1-0

[Event "Live Chess"]
[Site "Chess.com"]
[Date "2021.11.05"]
[Round "?"]
[White "hollacompadre"]
[Black "netofarthur"]
[Result "1-0"]
[ECO "E12"]
[WhiteElo "936"]
[BlackElo "952"]
[Annotator "chess-teacher.com"]
[PlyCount "51"]
[EventDate "2021.??.??"]
[TimeControl "300"]
[WhiteClock "0:02:15"]
[BlackClock "0:02:04"]

1. d4 Nf6 2. c4 e6 3. Nc3 b6 4. Nf3 Be7 $6 5. e3 O-O 6. Bd3 Bb7 7.
O-O d5 8. b3 Nbd7 9. a4 c5 10. h3 Rc8 11. Ba3 cxd4 12. Bxe7 Qxe7 13. exd4 Rfd8 14. Re1 dxc4 15. bxc4 Nf8 16. d5 $6 Nxd5 17.
Nxd5 Bxd5 18. cxd5 Rxd5 $6 19. Bxh7+ $3 Kxh7 20. Qxd5 $3 exd5 21. Rxe7 a6 22. Rxf7 Ne6 23. a5 b5 24. Ra7 Nc5 25. Rc1 Kg6 26. Rxa6+ {[%emt 0:00:04] hollacompadre
won by resignation 1-0 White wins.} 1-0

[Event "Live Chess"]
[Site "Chess.com"]
[Date "2021.11.23"]
[Round "?"]
[White "Wirefish"]
[Black "pointerouge"]
[Result "1-0"]
[ECO "C41"]
[WhiteElo "1201"]
[BlackElo "1229"]
[PlyCount "67"]
[EventDate "2021.??.??"]
[TimeControl "1800"]
[WhiteClock "0:12:13"]
[BlackClock "0:12:40"]

{[%evp 0,67,23,24,18,18,83,46,89,45,132,110,168,113,122,104,153,155,149,141,
157,160,160,121,171,166,229,132,250,186,197,214,263,158,159,133,143,44,36,39,
303,317,332,289,287,169,176,138,150,140,148,40,334,350,353,326,338,327,340,297,
354,288,346,343,29995,29996,29997,29998,29999,-30000] COUNTER-ATTACK} 1. e4 e5 2. Nf3 d6 3. Bc4 h6 4. c3 Be7 $2 5. d4 Bg4 6. h3 $6 Bh5 7. dxe5 dxe5 $2 8. Qxd8+ Bxd8 9. Nxe5 Nd7 10. Nxd7 Kxd7 11. O-O Be7 12. Be3 Bd6 13. b4 b6 14. f3 Ne7 15. Rd1 Kc6 16. a4 Rad8 17. b5+ Kb7 18.
Bd5+ $2 Nxd5 $1 19. Rxd5 f6
$4 20. Rxh5 Be5 21. Kf2 Rd1 22. Ke2 Rhd8 23. f4 Bxc3 24. Ra3 Bb2 25. Nc3 $2 R1d7 26. Rb3 Rd3 27. Rxb2 Rxc3 28. Rd5 Re8 29. Kd2 Ra3 30. Rd7 Rxe4 {[%emt 0:00:06] White used
a powerful counter attack} 31. Rc2 $3 Rexe3 $2 32. Rdxc7+ Kb8 33. Rc8+ $1 Kb7 34. R2c7# {[%emt 0:00:04] Wirefish won by checkmate 1-0
White wins.} 1-0

[Event "Live Chess"]
[Site "Chess.com"]
[Date "2022.02.26"]
[Round "?"]
[White "Milena"]
[Black "Alexdoing"]
[Result "1-0"]
[ECO "D02"]
[WhiteElo "1788"]
[BlackElo "1842"]
[PlyCount "59"]
[EventDate "2022.??.??"]
[TimeControl "180"]
[WhiteClock "0:01:41"]
[BlackClock "0:01:23"]

1. d4 {[%emt 0:00:01] GREEK GIFT
SACRIFICE} d5 2. Nf3 Nf6 3.
c4 Nc6 4. cxd5 Nxd5 5. e4 $1 Nb6 6. Nc3 e6 7. Bf4 $6 Be7 $6 8. Nb5 $6 Bd6 9. Nxd6+ cxd6 10. Bd3 $6 O-O 11. O-O d5 $2 12. e5 $1 Nb4 $2 13. Bxh7+ $3 Kxh7 14. Ng5+ Kg6 15. Qg4 f6 16. Nxe6+ Kf7 17. Nxd8+ Rxd8 18. Qh5+ Kg8 19. exf6 Nd3 $6 20. Qg6 Rd7 21. Qxd3 gxf6 22. Qg6+ Rg7 23. Qxf6 Bd7 $6 24.
Be5 Rh7 25. Qg6+ Kf8 26. Qxh7 Ke8 27. Bd6 Kd8 28. Qe7+ Kc8 29. Qf8+ Be8 30. Qxe8# {[%emt 0:00:01]
Milena won by checkmate 1-0 White wins.} 1-0

[Event "Live Chess"]
[Site "Chess.com"]
[Date "2023.08.05"]
[Round "?"]
[White "ryanovster"]
[Black "Marcovit"]
[Result "1-0"]
[ECO "C41"]
[WhiteElo "1340"]
[BlackElo "1295"]
[PlyCount "79"]
[EventDate "2023.??.??"]
[TimeControl "600"]
[WhiteClock "0:04:34"]
[BlackClock "0:00:42"]

1.
e4 {[%emt 0:00:00] ADVANCED PAWN} e5 2. Nf3 d6 3. c3 Nf6 4. Qc2 c6 5. d4 exd4 $6 6. cxd4 Qe7 7. Bd3 d5
$6 8. e5 Ng4 $6 9. Bg5 $6 f6 10. Bf4 $2 c5 11. O-O c4 $6 12. Be2 fxe5 13. Nxe5 Nxe5 14. Bxe5 Nd7 $2 15. f4 Nxe5 $1 16. fxe5 g6 $6 17. Nd2 $2 Bf5 $6 18. Rxf5 $3 gxf5 19. Qxf5 Bg7 20. Bh5+ Kd8 21. Qf7 $2 Qxf7 $1 22. Bxf7 Rf8 $4 23. Bxd5 Rc8 24. Bxc4 $2 Bh6 $1 25. Be6 Rc6 26. Bd5 Rb6 27. Nc4 $1 Rb4 28. b3 Be3+ $4 29. Kh1 Bxd4 30. Re1 $6 Rf2 31. h3 $2 Rxa2 32. e6 Ke7 $2 33. Rf1 Bf6 34. Ne3 Ra6 $6 35. Nf5+ Kd8 $6 36.
Re1 Rb5 37. e7+ Ke8 $4 38. Bf7+ $3 Kd7 39. e8=Q+ Kc7 40. Rc1+ {[%emt 0:00:13] ryanovster won
on time 1-0 White wins on time.} 1-0